 Dungeon Crawl Stone Soup version 0.28-a0-1404-g4df0f3684d (webtiles) character file.

Game seed: 14915758202451004060

4338 southernslant the Fighter (level 10, -13/64 HPs)
             Began as a Gargoyle Gladiator on Jan 6, 2022.
             Was an Initiate of Makhleb.
             Shot with an arrow by a centaur warrior (18 damage)
             ... on level 8 of the Dungeon.
             The game lasted 00:22:42 (8869 turns).

southernslant the Fighter (Gargoyle Gladiator)      Turns: 8869, Time: 00:22:43

Health: -13/64     AC: 12    Str: 18    XL:     10   Next: 33%
Magic:  10/10      EV: 28    Int: 15    God:    Makhleb [......]
Gold:   288        SH:  0    Dex: 15    Spells: 9/9 levels left

rFire   + . .      SeeInvis +   p - +7 flail of Lokoum {elec, *Slow Will+++}
rCold   + . .      Faith    .   (no shield)
rNeg    + . .      Spirit   .   G - +0 leather armour "Diona" {+Blink rCorr}
rPois   ∞          Reflect  .   c - +0 helmet
rElec   +          Harm     .   L - scarf {+Inv}
rCorr   +          Rampage  .   (no gloves)
Will    +++..                   (no boots)
Stlth   ++........              y - amulet "Peklei Uduti" {Acrobat Fly rPois rF+ rC+}
HPRegen 0.20/turn               w - ring of see invisible
MPRegen 0.12/turn               K - +6 ring of intelligence

@: acrobatic, flying
A: sickness immunity, AC +7, negative energy resistance 1, electricity
resistance, torment resistance 1, petrification resistance
a: Renounce Religion, Evoke Blink, Evoke Invisibility


You were on level 8 of the Dungeon.
You worshipped Makhleb.
Makhleb was noncommittal.
You visited 2 branches of the dungeon, and saw 9 of its levels.

You collected 288 gold pieces.

Inventory:

Hand Weapons
 a - a +0 quarterstaff
 p - the +7 flail of Lokoum (weapon) {elec, *Slow Will+++}
   (You found it on level 2 of the Dungeon)

   It occasionally discharges a powerful burst of electricity upon striking a
   foe.
   *Slow:     It may slow you when you take damage.
   Will:      It greatly increases your willpower.
 x - a +5 mace
 C - a +3 quarterstaff of chaos
 H - the +1 hand axe of a bailey {vorpal, Int+2}
   (You found it on level 7 of the Dungeon)

   It inflicts extra damage upon your enemies.
   Int:       It affects your intelligence (+2).
 I - a +2 arbalest of flaming
Missiles
 d - 3 throwing nets
 s - 104 stones
 A - 22 poisoned darts (quivered)
Armour
 b - a +0 leather armour
 c - a +0 helmet (worn)
 F - a +0 scale mail
 G - the +0 leather armour "Diona" (worn) {+Blink rCorr}
   (You found it on level 7 of the Dungeon)

   +Blink:    It lets you blink.
   rCorr:     It protects you from acid and corrosion.
 J - a +0 pair of boots
 L - a scarf of invisibility (worn)
Jewellery
 f - an amulet of reflection
 w - a ring of see invisible (left hand)
 y - the amulet "Peklei Uduti" (around neck) {Acrobat Fly rPois rF+ rC+}
   (You found it on level 5 of the Dungeon)

   [amulet of the acrobat]

   It increases your evasion while moving and waiting.
   rF:        It protects you from fire.
   rC:        It protects you from cold.
   rPois:     It protects you from poison.
   Fly:       It grants you flight.
 K - a +6 ring of intelligence (right hand)
Wands
 D - a wand of polymorph (7)
Scrolls
 e - 2 scrolls of vulnerability {unknown}
 g - 4 scrolls of identify
 h - 2 scrolls of enchant armour {unknown}
 i - 2 scrolls of brand weapon {unknown}
 j - 2 scrolls of blinking {unknown}
 m - 4 scrolls of amnesia
 n - 3 scrolls of fear {unknown}
 t - 4 scrolls of teleportation
 v - a scroll of fog {unknown}
 B - a scroll of noise {unknown}
 E - a scroll of immolation {unknown}
Potions
 k - 4 potions of degeneration
 l - 2 potions of berserk rage {unknown}
 o - a potion of ambrosia {unknown}
 q - 3 potions of attraction {unknown}
 r - a potion of might {unknown}
 u - 2 potions of curing {unknown}
 z - 2 potions of heal wounds {unknown}


   Skills:
 * Level 8.2 Fighting
 * Level 6.8(7.2) Maces & Flails
 - Level 3.1(5.4) Staves
 + Level 4.9 Throwing
 * Level 7.8 Armour
 + Level 4.8 Dodging
 + Level 4.0 Stealth


You had 9 spell levels left.
You didn't know any spells.
Your spell library contained the following spells:

 Spells                   Type           Power      Damage    Failure   Level
 Gell's Gravitas          Tloc           0%         N/A       67%         3
 Teleport Other           Tloc           0%         N/A       67%         3
 Dispersal                Tloc           0%         N/A       100%        6


Dungeon Overview and Level Annotations

Branches:
Dungeon (8/15)             Temple (1/1) D:7
   Lair: D:8-11

Altars:
Ashenzari
Cheibriados
Dithmenos
Elyvilon
Fedhas
Gozag
Hepliaklqana
Kikubaaqudgha
Makhleb
Nemelex Xobeh
Okawaru
Qazlal
Ru
Trog
Xom
Yredelemnul
Zin

Annotations:
D:7 3 runed translucent doors, avis's ghost, novice OpTm; innerfire433's ghost, novice DsWn
D:8 Maurice


Innate Abilities, Weirdness & Mutations

You are immune to sickness and miasma.
Your stone body is resilient. (AC +7)
You are immune to poison.
You resist negative energy. (rN+)
You are resistant to electric shocks. (rElec)
You are resistant to unholy torment.
You are immune to petrification.


Message History

The centaur warrior kicks you but does no damage.
The kobold brigand throws a poisoned dart.
The poisoned dart hits you!
You barely miss the centaur warrior.
The centaur warrior is heavily wounded.
The centaur warrior hits you but does no damage.
The centaur warrior kicks you but does no damage.
You thump the centaur warrior!
The centaur warrior is severely wounded.
The centaur warrior closely misses you.
The centaur warrior kicks you but does no damage.
The centaur warrior hits you but does no damage.
The centaur warrior completely misses you.
You hit the centaur warrior.
The centaur warrior is severely wounded.
The centaur warrior hits you but does no damage.
The centaur warrior kicks you but does no damage.
A centaur comes into view.
The kobold brigand zaps a wand.
You resist with almost no effort.
The centaur shouts!
You hit the centaur warrior.
The centaur warrior is almost dead.
You hear an angry hiss.
The centaur warrior completely misses you. x2
The centaur wields a +0 shortbow.
The centaur shoots an arrow.
The arrow hits you but does no damage. The centaur warrior closely misses you.
The centaur warrior kicks you but does no damage.
You closely miss the centaur warrior.
The centaur warrior is severely wounded.
The centaur warrior hits you but does no damage.
The centaur warrior kicks you but does no damage.
Maurice the Thief comes into view.
He is wielding a +0 dagger and carrying a wand of iceblast (10).
The centaur warrior wields a +0 longbow.
The centaur warrior shoots an arrow.
The arrow hits you!
The centaur shoots an arrow.
The arrow hits you.
The centaur warrior shoots an arrow.
The arrow hits you!!
* * * LOW HITPOINT WARNING * * *
You hear an angry hiss.
The centaur warrior shoots an arrow.
The arrow hits you!!
You die...

@8.....8..####
.............#.
.8.../.8.......
..c............
...8.8.K.......
........c......
#.............
#####.
#########.##<..#.
......
#.(.....@........
#.##.#
#.........########
#.##.#
#.########.......#
#.##.#
#.#.......######.#
#.##.#
#.#.######.....#
#.##.# #.#.#
####.#
#<##.####.#.#
..........#.#
..######..#.#


You could see a centaur warrior (poisoned) and a kobold brigand.

Vanquished Creatures
  Pikel (D:6)
  A troll (D:7)
  Grinder (D:6)
  2 wyverns
  A water moccasin (D:6)
  A black bear (D:7)
  7 necrophages
  3 sky beasts
  An ice beast (D:5)
  5 ogres
  A centaur (D:7)
  A phantom (D:7)
  A lemure (D:6)
  A kobold brigand (D:5)
  A wyvern zombie (D:6)
  2 scorpions
  A water moccasin zombie (D:6)
  3 wights (D:4)
  A howler monkey (D:8)
  A bullfrog zombie (D:5)
  A human zombie (D:6)
  4 hounds
  Crazy Yiuf (D:5)
  3 centaur zombies (D:6)
  2 orc priests (D:8)
  A jelly (D:6)
  2 gnoll shamans
  A bullfrog skeleton (D:5)
  Jessica (D:3)
  5 orc wizards
  A killer bee zombie (D:6)
  A hound skeleton (D:4)
  A howler monkey zombie (D:6)
  15 gnolls
  5 adders
  A shadow imp (D:5)
  An adder zombie (D:5)
  A dart slug (D:2)
  13 orcs
  7 endoplasms
  5 goblins
  12 hobgoblins
  4 jackals (D:1)
  3 quokkas
  7 ball pythons
  3 bats
  5 frilled lizards
  12 kobolds
  2 rats
156 creatures vanquished.

Vanquished Creatures (others)
  30 plants (D:8)
30 creatures vanquished.

Grand Total: 186 creatures vanquished

Notes
Turn   | Place    | Note
-------+----------+-------------------------------------------
     0 | D:1      | southernslant the Gargoyle Gladiator began the quest for
                  | the Orb.
     0 | D:1      | Reached XP level 1. HP: 12/12 MP: 1/1
   133 | D:1      | Reached XP level 2. HP: 11/18 MP: 2/2
   356 | D:1      | Reached skill level 1 in Armour
   730 | D:1      | Reached XP level 3. HP: 21/22 MP: 3/3
  1549 | D:2      | Identified the +7 flail of Lokoum {elec, *Slow Will+++}
  1701 | D:2      | Found a faded altar of an unknown god.
  2301 | D:3      | Reached skill level 3 in Fighting
  2313 | D:3      | Reached XP level 4. HP: 27/28 MP: 4/4
  2468 | D:3      | Reached skill level 1 in Maces & Flails
  2527 | D:3      | Noticed a scorpion
  2537 | D:3      | Killed a scorpion
  2538 | D:3      | Reached XP level 5. HP: 25/32 MP: 5/5
  2612 | D:3      | Noticed Jessica
  2619 | D:3      | Killed Jessica
  3667 | D:4      | Reached XP level 6. HP: 18/38 MP: 6/6
  3674 | D:4      | Reached skill level 4 in Fighting
  4394 | D:5      | Entered Level 5 of the Dungeon
  4529 | D:5      | Noticed a necrophage
  4540 | D:5      | Killed a necrophage
  4541 | D:5      | Reached XP level 7. HP: 40/44 MP: 7/7
  4626 | D:5      | Identified the amulet "Peklei Uduti" {Acrobat Fly rPois rF+
                  | rC+}
  4801 | D:5      | Reached skill level 5 in Fighting
  5251 | D:5      | Reached XP level 8. HP: 46/49 MP: 8/8
  5386 | D:5      | Found a runed translucent door.
  5387 | D:5      | Noticed Crazy Yiuf
  5822 | D:5      | Killed Crazy Yiuf
  6067 | D:6      | Reached skill level 5 in Armour
  6380 | D:6      | Reached skill level 6 in Fighting
  6501 | D:6      | Noticed Pikel
  6515 | D:6      | Killed Pikel
  6516 | D:6      | Reached skill level 5 in Maces & Flails
  6516 | D:6      | Reached skill level 1 in Stealth
  6516 | D:6      | Reached XP level 9. HP: 43/56 MP: 9/9
  6744 | D:6      | Found a basalt altar of Yredelemnul.
  6769 | D:6      | Reached skill level 7 in Fighting
  7333 | D:6      | Noticed Grinder
  7341 | D:6      | Killed Grinder
  7446 | D:7      | Found a broken altar of Ashenzari.
  7451 | D:7      | Identified the +0 leather armour "Diona" {+Blink rCorr}
  7487 | D:7      | Reached XP level 10. HP: 64/64 MP: 10/10
  7632 | D:7      | Reached skill level 8 in Fighting
  7719 | D:7      | Found a runed translucent gate.
  7719 | D:7      | Found a runed translucent gate.
  7719 | D:7      | Found a runed translucent gate.
  7726 | D:7      | Identified the +1 hand axe of a bailey {vorpal, Int+2}
  7745 | D:7      | Found a hazy altar of Hepliaklqana.
  8028 | D:7      | Found a staircase to the Ecumenical Temple.
  8037 | Temple   | Entered the Ecumenical Temple
  8167 | Temple   | Became a worshipper of Makhleb the Destroyer
  8409 | D:7      | Noticed avis's ghost (novice OpTm)
  8409 | D:7      | Noticed innerfire433's ghost (novice DsWn)
  8856 | D:8      | Noticed a centaur warrior
  8867 | D:8      | Noticed Maurice
  8869 | D:8      | Shot with an arrow by a centaur warrior

Illustrated notes

Levels and vault maps discovered:
D:1:      lemuel_arrival_hallway, layout_basic
D:2:      layout_loops_corners, shapermc_ecumenical_altar_gd,
          minmay_goblin_outpost
D:3:      layout_basic, st_stairs_10, uniq_jessica
D:4:      layout_loops_corners
D:5:      cheibrodos_thug_alley, layout_basic, uniq_crazy_yiuf_cottage
D:6:      layout_cave_pools, lemuel_mausoleum_altar_yredelemnul, minivault_19,
          uniq_grinder, uniq_pikel
D:7:      layout_basic, mainiacjoe_overflow_24_doors,
          mainiacjoe_overflow_six_doors_small, minmay_temple_entry_purple_smoke,
          gammafunk_ghost_cemetery, hex_tiny
D:8:      minmay_distorted_concentric_squares, layout_loops_ring,
          nicolae_uskayaw_dance_hall, tso_oasis_becter, david_lair_shrubbed,
          uniq_maurice
Temple:   eino_temple_lava

Skill      XL: |  1  2  3  4  5  6  7  8  9 10 |
---------------+-------------------------------+-----
Throwing       | 2 3 4 |  4.9
Armour         | 1 2 3 4 6 7 |  7.8
Fighting       | 3 4 5 6 7 8 |  8.2
Maces & Flails | 1 2 3 5 6 |  6.8
Dodging        | 3 4 |  4.8
Stealth        | 1 3 4 |  4.0
Staves         | |  3.1

Action                   |  1- 3 |  4- 6 |  7- 9 | 10-12 || total
-------------------------+-------+-------+-------+-------++-------
Melee: Quarterstaff      |    72 |       |       |       ||    72
       Flail             |    14 |    84 |   182 |    73 ||   353
       Punch             |       |     1 |     6 |       ||     7
Throw: Stone             |       |     9 |    10 |       ||    19
       Dart              |       |       |    22 |    23 ||    45
  Use: Scroll            |       |       |     3 |       ||     3
 Stab: Sleeping          |       |       |     6 |       ||     6
Armor: Leather armour    |    35 |    23 |    76 |    43 ||   177
Dodge: Dodged            |    45 |    44 |   118 |    58 ||   265
Block: Other             |    30 |    13 |       |       ||    43
       Reflection        |     5 |       |       |       ||     5

Table legend: (Time is in decaauts)
 A = Elapsed time spent in this place.
 B = Non-inter-level travel time spent in this place.
 C = Inter-level travel time spent in this place.
 D = Time resting spent in this place.
 E = Time spent auto-exploring this place.
 F = Levels seen in this place.
 G = Mean time per level.
                   A        B        C        D        E       F      G
               +--------+--------+--------+--------+--------+-----+--------+
         Total |   8928 |   8696 |    232 |      0 |   6750 |   9 |  992.0 |
       Dungeon |   8788 |   8556 |    232 |      0 |   6724 |   8 | 1098.5 |
        Temple |    139 |    139 |      0 |      0 |     26 |   1 |  139.0 |
               +--------+--------+--------+--------+--------+-----+--------+

Top non-repeatable levels by time:
     D:5: 2010 daAuts
     D:4: 1147 daAuts
     D:2: 1137 daAuts
     D:1: 1128 daAuts
     D:7: 1060 daAuts
     D:6: 1031 daAuts
     D:3: 1014 daAuts
     D:8: 258 daAuts
  Temple: 139 daAuts
